 Dungeon Crawl Stone Soup version 0.22-a0-362-g535178c (webtiles) character file.

38 Amnesiac the Magician (level 3, 0/24 HPs)
             Began as a Mummy Earth Elementalist on Apr 20, 2018.
             Slain by a mummy (9 damage)
             ... in an ossuary.
             The game lasted 00:03:38 (985 turns).

Amnesiac the Magician (Mummy Earth Elementalist)     Turns: 985, Time: 00:03:38

Health: 0/24       AC:  4    Str: 11    XL:     3   Next: 25%
Magic:  0/7        EV: 11    Int: 15    God:
Gold:   91         SH:  0    Dex: 12    Spells: 5/8 levels left

rFire    x . .     SeeInvis .   a - +1 short sword (speed)
rCold    + . .     Gourm    .   (no shield)
rNeg     + + +     Faith    .   h - +0 leather armour (curse)
rPois    ∞         Spirit   .   (no helmet)
rElec    .         Reflect  .   (no cloak)
rCorr    +         Harm     .   d - +0 pair of gloves
MR       .....                  (no boots)
Stlth    +.........             (no amulet)
HPRegen  0.08/turn              e - ring of resist corrosion
MPRegen  0.10/turn              (no ring)

@: no status effects
A: no food or potions, fire vulnerability, cold resistance 1, negative energy
resistance 3, torment resistance, unbreathing
a: no special abilities


You were in an ossuary.
You were not hungry.

You visited 1 branch of the dungeon, and saw 4 of its levels.
You also visited: Ossuary.

You collected 91 gold pieces.

Inventory:

Hand Weapons
 a - a +1 short sword of speed (weapon)
Missiles
 b - 57 stones (quivered)
Armour
 c - a +0 robe
 d - a +0 pair of gloves (worn)
 h - a cursed +0 leather armour (worn)
Jewellery
 e - a ring of resist corrosion (left hand)
Scrolls
 f - 2 scrolls of identify {!r, unknown}
 g - a scroll of magic mapping {!r, unknown}
 i - a scroll of immolation {!r, unknown}


   Skills:
 - Level 1.5 Dodging
 - Level 1.5 Stealth
 + Level 3.3 Spellcasting
 - Level 0.7 Transmutations
 * Level 3.3 Earth Magic


You had 5 spell levels left.
You knew the following spells:

 Your Spells              Type           Power        Failure   Level  Hunger
a - Sandblast             Erth           ##....       6%          1    N/A
b - Passwall              Tmut/Erth      #.........   17%         2    N/A

Dungeon Overview and Level Annotations

Branches:
Dungeon (4/15)
 Temple: D:4-7

Altars:

Shops:
D:4 *


Innate Abilities, Weirdness & Mutations

You do not eat or drink.
Your flesh is vulnerable to fire.
You are immune to poison.
Your flesh is cold resistant. (rC+)
You are immune to negative energy. (rN+++)
You are immune to unholy pain and torment.
You can survive without breathing.


Message History

The hobgoblin zombie hits you but does no damage.
Casting: Sandblast (safe; 6% risk of failure)
Confirm with . or Enter, or press ? or * to list all spells.
Aiming: Sandblast (safe; 6% risk of failure)
Press: ? - help, Shift-Dir - straight line, f/p - mummy
Aim: a mummy (moderately damaged)
You miscast Sandblast.
You are very lightly contaminated with residual magic.
Nothing appears to happen.
The hobgoblin zombie closely misses you.
Unknown command.
The hobgoblin zombie closely misses you.
You hit the hobgoblin zombie.
The hobgoblin zombie is almost destroyed.
You barely miss the mummy.
The mummy is moderately damaged.
The hobgoblin zombie hits you.
* * * LOW HITPOINT WARNING * * *
You hit the hobgoblin zombie.
You destroy the hobgoblin zombie!
The mummy hits you.
* * * LOW HITPOINT WARNING * * *
You hit the kobold zombie but do no damage.
The kobold zombie is lightly damaged.
You open the door.
Found a gate leading back out of this place.
There is an open door here.
An arrow shoots out and hits you!
* * * LOW HITPOINT WARNING * * *
You found a needle trap!
There is an arrow trap here.
You close the door.
You start resting.
A mummy opens the door.
You open the door. 2 zombies come into view.
You close the door.
Casting: Sandblast (safe; 6% risk of failure)
Confirm with . or Enter, or press ? or * to list all spells.
Aiming: Sandblast (safe; 6% risk of failure)
Press: ? - help, Shift-Dir - straight line, f/p - mummy
Aim: a mummy (moderately damaged)
The blast of sand hits the mummy.
The mummy is severely damaged.
b - 58 stones An arrow hits the mummy!
Unknown command.
Casting: Sandblast (safe; 6% risk of failure)
Confirm with . or Enter, or press ? or * to list all spells.
Aiming: Sandblast (safe; 6% risk of failure)
Press: ? - help, Shift-Dir - straight line, f/p - mummy
Aim: a mummy (severely damaged)
The blast of sand hits the mummy.
The mummy is almost destroyed.
b - 57 stones Unknown command.
You hit the mummy but do no damage.
The mummy is almost destroyed.
An arrow hits the hobgoblin zombie!
Your magical contamination has completely faded away.
You hit the mummy but do no damage.
The mummy is almost destroyed.
The mummy hits you!
You die...

### ### ###
###.###.###.#######
#.............#.^.#
'............MZZ∩.#
#.............#M@.#
###.###.###.####+##
### ### ### ...
#...# Z...Z ##...##
#...# #...#


You could see 2 mummies, a hobgoblin zombie and a big kobold zombie.

Vanquished Creatures
  A mummy (Ossuary)
  A dart slug (D:1)
  A worm (D:2)
  A giant cockroach (D:1)
  3 goblins (D:1)
  2 hobgoblins
  6 jackals (D:1)
  A bat (D:2)
  A frilled lizard (D:4)
  A goblin zombie (Ossuary)
  2 hobgoblin zombies (Ossuary)
  A kobold (D:1)
21 creatures vanquished.

Notes
Turn   | Place    | Note
-------+----------+-------------------------------------------
     0 | D:1      | Amnesiac the Mummy Earth Elementalist began the quest for the Orb.
     0 | D:1      | Reached XP level 1. HP: 13/13 MP: 4/4
   254 | D:1      | Reached XP level 2. HP: 10/19 MP: 2/5
   849 | D:4      | Found Jair Foi's General Store.
   872 | D:4      | Learned a level 2 spell: Passwall
   889 | D:4      | Found a sand-covered staircase.
   917 | Ossuary  | Entered an ossuary
   926 | Ossuary  | Reached XP level 3. HP: 23/24 MP: 0/7
   985 | Ossuary  | Slain by a mummy

Vault maps used:
D:1:      wheals_arrival_linesprint
D:2:      tgw_trog
D:3:      gammafunk_temple_overflow_statue, first_ration
D:4:      nicolae_ossuary_entry_plus, serial_shops, nicolae_shop_window_shopping
Ossuary:  ossuary_minmay_chase

Skill      XL: |  1  2 |
---------------+-------+-----
Spellcasting   | 3 |  3.3
Earth Magic    | 3 |  3.3
Dodging        | |  1.5
Stealth        | |  1.5
Transmutations | |  0.7

Action                   || total
-------------------------++-------
Melee: Short sword       ||    29
 Cast: Sandblast         ||    42
       Passwall          ||     2
 Stab: Sleeping          ||     1
Armor: Robe              ||     4
       Leather armour    ||    10
Dodge: Dodged            ||    34

Table legend:
 A = Spawn XP
 B = Non-spawn XP
 C = Spawn XP percentage of total XP
 D = Spawn monster count
 E = Non-spawn monster count
 F = Spawn count percentage of total count
 G = Total turns spent on level
                    A         B        C        D         E        F      G
               +---------+---------+-------+---------+---------+-------+---------
         Total |       0 |      55 |   0.0 |       0 |      21 |   0.0 |   985
               +---------+---------+-------+---------+---------+-------+---------
           D:1 |       0 |      26 |   0.0 |       0 |      13 |   0.0 |   498
           D:2 |       0 |       7 |   0.0 |       0 |       3 |   0.0 |   317
           D:4 |       0 |       1 |   0.0 |       0 |       1 |   0.0 |    87
       Ossuary |       0 |      21 |   0.0 |       0 |       4 |   0.0 |    68
               +---------+---------+-------+---------+---------+-------+---------
